 Dungeon Crawl Stone Soup version 0.30.0-19-g36f170ea60 (webtiles) character file.

Game seed: 4211606566514147966

20233 Revguard the Fighter (level 12, -3/190 HPs)
             Began as a Troll Earth Elementalist on June 1, 2023.
             Slain by Rupert
             ... wielding a +6 great mace of venom
              (39 damage)
             ... on level 13 of the Dungeon.
             The game lasted 00:43:38 (11882 turns).

Revguard the Fighter (Troll Earth Elementalist)    Turns: 11882, Time: 00:43:44

Health: -3/190     AC: 12    Str: 19    XL:     12   Next: 43%
Magic:  12/20      EV: 16    Int: 15    God:
Gold:   334        SH:  0    Dex: 10    Spells: 13/23 levels left

rFire   . .          .
                       - Unarmed
rCold   . . .        (no shield)
rNeg    . . .        u - +2 troll leather armour
rPois   .            r - +2 hat
rElec   .            e - +0 cloak
rCorr   .            (gloves unavailable)
SInv    .            (boots unavailable)
Will    .....        l - amulet of magic regeneration Stlth
                     q - +4 ring of slaying
HPRegen 2.11/turn    d - +5 ring of evasion
MPRegen 0.57/turn

%: clarity
@: berserking, lethally poisoned (-3 -> -29), very slightly contaminated,
studying Fighting, very quick
A: large, unfitting armour, claws 3, regeneration 1, shaggy fur 1, tough skin 1,
clarity
a: no special abilities


You were on level 13 of the Dungeon.
You visited 2 branches of the dungeon, and saw 14 of its levels.

You collected 768 gold pieces.
You spent 434 gold pieces at shops.

Inventory:

Armour
 e - a +0 cloak (worn)
 k - +0 acid dragon scales
 r - a +2 hat (worn)
 s - +0 steam dragon scales
 u - a +2 troll leather armour (worn)
Jewellery
 d - a +5 ring of evasion (right claw)
 h - a ring of poison resistance
 j - a +6 ring of dexterity
 l - an amulet of magic regeneration (around neck)
 q - a +4 ring of slaying (left claw)
 y - a ring of willpower
 A - a ring of resist corrosion
 B - an amulet of guardian spirit
 D - a ring of wizardry
 F - a ring of positive energy
 G - an amulet of faith
Wands
 g - a wand of flame (8)
 n - a wand of digging (4)
 o - a wand of roots (25)
 C - a wand of polymorph (3)
Scrolls
 a - 4 scrolls of identify
 c - a scroll of immolation
 i - 5 scrolls of teleportation
 m - 3 scrolls of amnesia
 p - a scroll of silence
 v - a scroll of noise
 w - a scroll of fog
 E - a scroll of enchant weapon
Potions
 b - a potion of magic
 f - 4 potions of brilliance
 x - a potion of flight
 z - 2 potions of cancellation
 H - a potion of attraction {unknown}


   Skills:
 * Level 10.5 Fighting
 + Level 5.8 Armour
 + Level 6.0 Dodging
 - Level 1.0 Stealth
 * Level 10.0 Unarmed Combat
 * Level 6.2 Spellcasting
 - Level 1.1 Transmutations
 + Level 7.1 Earth Magic


You had 13 spell levels left.
You knew the following spells:

 Your Spells              Type           Power      Damage    Failure   Level
a - Sandblast             Erth           52%        2d12      1%          1
b - Passwall              Tmut/Erth      14%        N/A       4%          2
c - Stone Arrow           Conj/Erth      30%        3d8       12%         3
d - Petrify               Tmut/Erth      17%        N/A       30%         4

Your spell library contained the following spells:

 Spells                   Type           Power      Damage    Failure   Level
 Sting                    Tmut/Pois      24%        1d4       13%         1
 Freeze                   Ice            16%        1d4       17%         1
 Blink                    Tloc           8%         N/A       26%         2
 Ensorcelled Hibernation  Hex/Ice        8%         N/A       26%         2
 Poisonous Vapours        Pois/Air       8%         N/A       26%         2
 Frozen Ramparts          Ice            8%         1d2       45%         3
 Hailstorm                Conj/Ice       4%         3d4       45%         3
 Swiftness                Air            4%         N/A       45%         3
 Manifold Assault         Tloc           4%         N/A       86%         4
 Olgreb's Toxic Radiance  Pois           4%         N/A       86%         4
 Storm Form               Tmut/Air       3%         N/A       100%        7


Dungeon Overview and Level Annotations

Branches:
Dungeon (13/15)            Temple (1/1) D:4            Lair (0/5) D:8
    Orc (0/2) D:11
 Vaults: D:13-14

Altars:
Ashenzari
Cheibriados
Dithmenos
Elyvilon
Fedhas
Gozag
Hepliaklqana
Kikubaaqudgha
Makhleb
Nemelex Xobeh
Okawaru
Qazlal
Ru
Sif Muna
Trog
Uskayaw
Vehumet
Wu Jian
Xom
Yredelemnul
Zin
The Shining One

Shops:
D:1 :   D:2 (   D:8 :   D:11 ?*

Annotations:
D:13 Rupert


Innate Abilities, Weirdness & Mutations

You are too large for most types of armour.
You have claws for hands.
Your natural rate of healing is unusually fast.
You are covered in fur. (AC +1)
You have tough skin. (AC +1)
You possess an exceptional clarity of mind.


Message History

Okay, then.
You claw Rupert!
Rupert is lightly wounded.
Rupert roars madly and goes into a rage!
Rupert goes berserk!
Okay, then.
Rupert attacks as you move away!
Rupert hits you with a +6 great mace of venom!!
You are poisoned.
You feel very sick.
Rupert rages.
Aiming: Fastroot
Press: ? - help, Shift-Dir - straight line, p - Rupert The roots erupt in riotous growth!
Roots grab Rupert.
The grasping roots constrict Rupert.
You feel very sick. Rupert barely misses you.
Rupert hits you with a +6 great mace of venom.
You are more poisoned.
You mangle Rupert!!
Rupert is moderately wounded.
The grasping roots constrict Rupert.
You feel very sick.
Rupert hits you with a +6 great mace of venom!!
You are more poisoned.
You claw Rupert!
Rupert is heavily wounded.
The grasping roots constrict Rupert.
You feel extremely sick.
Rupert hits you with a +6 great mace of venom!!
* * * LOW HITPOINT WARNING * * *
You are lethally poisoned!
A red film seems to cover your vision as you go berserk!
You feel yourself moving faster!
You feel mighty!
The grasping roots constrict Rupert.
* * * LOW HITPOINT WARNING * * *
You feel extremely sick.
The roots release their grip on Rupert.
Rupert hits you with a +6 great mace of venom!!!
You die...

.....................#
.....................#
.....................#
############.........#
# #.........# #
#.........# #
#####..#### # #..# # .
#@.# # .. #@.# # ...
#..# # .... #..# .
..... #..# .
......#..# .
......'..# ......#..#
......#..#


You could see Rupert (berserk).

Vanquished Creatures
  A centaur warrior (D:9)
  A two-headed ogre (D:11)
  The ghost of engelados the Destroyer, a journeyman OpCj of Vehumet (D:9)
  Sonja (D:10)
  An orc knight (D:12)
  A deep elf zephyrmancer (D:8)
  A deep elf pyromancer (D:12)
  2 manticores
  Joseph (D:7)
  2 gargoyles
  2 unseen horror zombies (D:9)
  2 unseen horrors
  A kobold demonologist (D:13)
  4 trolls
  Prince Ribbit (D:8)
  6 slime creatures
  A vampire (D:10)
  2 wraiths
  4 wyverns
  31 yaks
  3 steam dragons
  A human (D:13)
  Menkaure (D:7)
  2 water moccasins
  An acid dragon (D:11)
  3 ice beasts
  12 orc warriors
  2 sky beasts
  A black bear (D:6)
  An ogre (D:6)
  2 centaurs
  A phantom (D:5)
  4 kobold brigands
  3 bullfrogs
  2 scorpions (D:6)
  Dowan (D:4)
  10 wights
  14 killer bees
  2 electric eels (D:11)
  3 howler monkeys
  2 hounds (D:6)
  5 centaur zombies (D:9)
  A human zombie (D:9)
  3 jellies (D:7)
  8 orc priests
  Crazy Yiuf (D:2)
  Jessica (D:2)
  3 sleepcaps
  2 iguanas
  15 orc wizards
  A mummy (D:9)
  A howler monkey zombie (D:9)
  9 adders
  6 white imps
  An ufetubus (D:5)
  3 worms
  3 dart slugs
  40 orcs
  2 ball pythons
  A bat (D:3)
  7 endoplasms
  A giant cockroach (D:2)
  10 goblins
  6 hobgoblins
  6 jackals (D:5)
  14 kobolds
  2 quokkas
  3 rats
  A spectral hobgoblin (D:10)
293 creatures vanquished.

Vanquished Creatures (others)
  Duvessa (D:4)
  An orc wizard (D:5)
  2 kobolds (D:11)
4 creatures vanquished.

Grand Total: 297 creatures vanquished

Notes
Turn   | Place    | Note
-------+----------+-------------------------------------------
     0 | D:1      | Revguard the Troll Earth Elementalist began the quest for
                  | the Orb.
     0 | D:1      | Reached XP level 1. HP: 16/16 MP: 1/1
    72 | D:1      | Found Jyzak's Book Boutique.
   360 | D:1      | Reached XP level 2. HP: 23/26 MP: 2/2
   639 | D:2      | Reached skill level 1 in Unarmed Combat
   642 | D:2      | Learned a level 2 spell: Passwall
   669 | D:2      | Noticed Jessica
   680 | D:2      | Killed Jessica
   681 | D:2      | Reached skill level 1 in Fighting
   681 | D:2      | Reached skill level 1 in Transmutations
   681 | D:2      | Reached XP level 3. HP: 29/33 MP: 0/4
   881 | D:2      | Found Iteagiav's Weapon Boutique.
   923 | D:2      | Reached XP level 4. HP: 29/41 MP: 5/5
  1052 | D:2      | Found a runed translucent door.
  1053 | D:2      | Noticed Crazy Yiuf
  1420 | D:2      | Killed Crazy Yiuf
  1557 | D:3      | Learned a level 3 spell: Stone Arrow
  2183 | D:3      | Reached XP level 5. HP: 49/49 MP: 2/6
  2231 | D:3      | Reached skill level 1 in Armour
  2549 | D:4      | Found a staircase to the Ecumenical Temple.
  2596 | Temple   | Entered the Ecumenical Temple
  2717 | D:4      | Noticed a water moccasin
  2719 | D:4      | Noticed Duvessa
  2719 | D:4      | Noticed Dowan
  2730 | D:4      | Killed a water moccasin
  2731 | D:4      | Reached XP level 6. HP: 41/57 MP: 4/7
  2737 | D:4      | Killed Duvessa
  2742 | D:4      | Killed Dowan
  2914 | D:4      | Found a transporter.
  2925 | D:4      | Found a transporter.
  2925 | D:4      | Noticed an ice beast
  2925 | D:4      | Noticed an ice beast
  2925 | D:4      | Noticed an ice beast
  2925 | D:4      | Noticed an ice beast
  3159 | D:4      | Killed an ice beast
  3381 | D:5      | Entered Level 5 of the Dungeon
  3407 | D:5      | Reached XP level 7. HP: 49/66 MP: 5/9
  3823 | D:5      | Learned a level 4 spell: Petrify
  4457 | D:6      | Reached XP level 8. HP: 76/76 MP: 10/10
  4933 | D:6      | Reached skill level 5 in Unarmed Combat
  5621 | D:7      | Noticed Menkaure
  5628 | D:7      | Killed Menkaure
  5748 | D:7      | Reached XP level 9. HP: 81/85 MP: 12/12
  5989 | D:7      | Reached skill level 5 in Fighting
  6036 | D:7      | Noticed Joseph
  6056 | D:7      | Killed Joseph
  6057 | D:7      | Reached skill level 5 in Earth Magic
  6061 | D:7      | Found an iron altar of Okawaru.
  6810 | D:8      | Found a staircase to the Lair.
  6863 | D:8      | Found a bloodstained altar of Trog.
  6894 | D:8      | Found Naqaf's Book Shop.
  6936 | D:8      | Reached XP level 10. HP: 96/98 MP: 15/15
  7269 | D:8      | Noticed a deep elf zephyrmancer
  7269 | D:8      | Noticed Prince Ribbit
  7292 | D:8      | Killed Prince Ribbit
  7300 | D:8      | Killed a deep elf zephyrmancer
  7527 | D:9      | Found a runed translucent door.
  7530 | D:9      | Noticed engelados's ghost (journeyman OpCj)
  7532 | D:9      | Noticed a centaur warrior
  7696 | D:9      | Found a shadowy altar of Dithmenos.
  8031 | D:9      | Reached XP level 11. HP: 108/111 MP: 17/17
  8046 | D:9      | Reached skill level 5 in Dodging
  8052 | D:9      | Reached skill level 5 in Spellcasting
  8109 | D:9      | Found an ornate altar of the Wu Jian Council.
  8122 | D:9      | Found a radiant altar of Vehumet.
  8123 | D:9      | Found a white marble altar of Elyvilon.
  8124 | D:9      | Found a blossoming altar of Fedhas.
  8158 | D:9      | Found a glowing silver altar of Zin.
  8159 | D:9      | Found a hide-covered altar of Uskayaw.
  8457 | D:9      | Found a basalt altar of Yredelemnul.
  8631 | D:9      | Gained mutation: You possess an exceptional clarity of
                  | mind. [potion of mutation]
  8644 | D:9      | HP: 4/107 [engelados's ghost/magic dart (10)]
  8650 | D:9      | Killed engelados's ghost
  8661 | D:9      | Killed a centaur warrior
  8662 | D:9      | Reached skill level 5 in Armour
  8733 | D:10     | Entered Level 10 of the Dungeon
  9367 | D:10     | Found a hazy altar of Hepliaklqana.
  9494 | D:10     | Noticed Sonja
  9499 | D:10     | Killed Sonja
  9844 | D:11     | Reached XP level 12. HP: 114/126 MP: 19/19
  9883 | D:11     | Found a staircase to the Orcish Mines.
 10047 | D:11     | Noticed a two-headed ogre
 10069 | D:11     | Killed a two-headed ogre
 10220 | D:11     | Found Jixkyil's Magic Scroll Boutique.
 10224 | D:11     | Bought a scroll of enchant armour for 97 gold pieces
 10224 | D:11     | Bought a scroll of blinking for 97 gold pieces
 10224 | D:11     | Bought a scroll of teleportation for 39 gold pieces
 10454 | D:11     | Found Qonugroh's General Store.
 10458 | D:11     | Bought a wand of roots (6) for 201 gold pieces
 10524 | D:12     | Reached skill level 10 in Fighting
 11589 | D:13     | Reached skill level 10 in Unarmed Combat
 11634 | D:13     | Noticed a vault guard
 11678 | D:13     | Noticed a vault guard
 11866 | D:13     | Noticed Rupert
 11872 | D:13     | Paralysed by Rupert for 2 turns
 11882 | D:13     | Slain by Rupert

Illustrated notes

Levels and vault maps discovered:
D:1:      giann_wishing_wells, layout_basic, serial_shops, shop,
          nrook_mini_vaults
D:2:      layout_loops_ring, serial_shops, shop, grunt_ministairs_7,
          minmay_tetromino_t2, uniq_crazy_yiuf_cottage, uniq_jessica
D:3:      layout_basic
D:4:      gammafunk_cloud_chamber, layout_basic, temple_hall,
          minmay_tree_intersection, uniq_duvessa
D:5:      layout_basic
D:6:      lemuel_ice_spiral_2, layout_basic, kennysheep_generic_room_15
D:7:      cheibrodos_fertilizer, layout_loops_ring, okawaru_trees_1,
          enter_bailey_5, ebering_dispersal_statue_hall, uniq_joseph,
          uniq_menkaure
D:8:      hellmonk_destroyed_diamonds, layout_basic, trog_three_pillars_becter,
          lair_entry_dummy, nicolae_stop_n_shop_1, grunt_ministairs_11,
          guppyfry_early_elven_hall, uniq_prince_ribbit1
D:9:      layout_cave_pools, mainiacjoe_overflow_boulevard, minitemple,
          lemuel_mausoleum_altar_yredelemnul, ebering_ghost_inner_flame,
          minmay_increasing_density
D:10:     layout_basic, nicolae_hepliaklqana_monster_ancestors, uniq_sonja
D:11:     layout_loops_ring, erik_orc_2, serial_shops,
          nicolae_shop_back_alley_shop, shop, serial_glass, glass_columns_a,
          glass_columns_c, glass_columns_a, glass_columns_b
D:12:     layout_basic
D:13:     layout_irregular_city, grunt_vaults_entry_fortified, uniq_josephine,
          uniq_rupert
Temple:   nicolae_temple_ecumenical_triangle

Skill      XL: |  1  2  3  4  5  6  7  8  9 10 11 12 |
---------------+-------------------------------------+-----
Unarmed Combat | 1 2 3 4 5 6 8 9 10 | 10.0
Fighting       | 1 2 3 4 6 7 9 10 | 10.5
Transmutations | 1 |  1.1
Dodging        | 2 3 4 5 6 |  6.0
Earth Magic    | 3 4 5 6 7 |  7.1
Armour         | 1 2 3 4 5 |  5.8
Spellcasting   | 2 3 4 5 6 |  6.2
Stealth        | |  1.0

Action                     |  1- 3 |  4- 6 |  7- 9 | 10-12 || total
---------------------------+-------+-------+-------+-------++-------
  Melee: Unarmed           |    64 |   103 |   307 |   487 ||   961
         Punch             |       |     2 |    13 |    22 ||    37
   Cast: Sandblast         |     9 |    24 |    35 |    44 ||   112
         Stone Arrow       |       |       |     6 |    41 ||    47
         Passwall          |       |       |     1 |     1 ||     2
         Petrify           |       |       |       |     7 ||     7
  Evoke: Wand              |       |     5 |     5 |    19 ||    29
    Use: Scroll            |       |    11 |     7 |     6 ||    24
         Potion            |       |    12 |     3 |     8 ||    23
   Stab: Sleeping          |     1 |     3 |     1 |       ||     5
         Paralysed         |       |    13 |     2 |       ||    15
 Armour: Robe              |    22 |    43 |    70 |       ||   135
         Steam dragon scal |       |       |    98 |    80 ||   178
         Troll leather arm |       |       |       |   156 ||   156
  Dodge: Dodged            |    33 |    74 |   195 |   338 ||   640
